 Dungeon Crawl Stone Soup version 0.31-a0-702-gf82c85558f (webtiles) character file.

Game seed: 9638096874598437566

137 qw the Shooter (level 5, -3/32 HPs)
             Began as a Gargoyle Hunter on Sept 8, 2023.
             Slain by Sigmund
             ... wielding a +3 heavy scythe
              (11 damage)
             ... on level 4 of the Dungeon.
             The game lasted 00:00:50 (2176 turns).

qw the Shooter (Gargoyle Hunter)                    Turns: 2176, Time: 00:00:51

Health: -3/32      AC: 11    Str: 14    XL:     5   Next: 20%
Magic:  5/5        EV: 10    Int: 10    God:
Gold:   160        SH:  0    Dex: 15    Spells: 4/4 levels left

rFire   . . .        Y - +0 shortbow
rCold   . . .        (shield currently unavailable)
rNeg    + . .        a - +0 ring mail
rPois   inf          e - +0 helmet
rElec   +            i - +0 cloak
rCorr   .            (no gloves)
SInv    .            (no boots)
Will    .....        (no amulet)
Stlth   +            (no ring)
HPRegen 0.25/turn    (no ring)
MPRegen 0.09/turn

%: no passive effects
@: no status effects
A: sickness immunity, AC +4, negative energy resistance 1, electricity
resistance, torment resistance 1, petrification resistance, hooves 1, subdued
magic 1, noise suppression
a: no special abilities


You were on level 4 of the Dungeon.
You visited 1 branch of the dungeon, and saw 4 of its levels.

You collected 160 gold pieces.


Innate Abilities, Weirdness & Mutations

You are immune to sickness and miasma.
Your stone body is resilient. (AC +4)
You are immune to poison.
You resist negative energy. (rN+)
You are resistant to electric shocks. (rElec)
You are resistant to unholy torment.
You are immune to petrification.
You have large cloven feet.
Your spells are a little easier to cast, but a little less powerful.
You passively dampen the noise of your surroundings.


   Skills:
 - Level 3.0 Fighting
 + Level 5.9 Ranged Weapons
 - Level 1.0 Armour
 - Level 1.5 Dodging
 - Level 1.1 Stealth


You had 4 spell levels left.
You didn't know any spells.
Your spell library was empty.

Inventory:

Hand Weapons
 Y - a +0 shortbow (weapon)
Armour
 a - a +0 ring mail (worn)
 e - a +0 helmet (worn)
 i - a +0 cloak (worn)
Scrolls
 l - a scroll of identify
 m - a scroll of teleportation {unknown}
Potions
 b - a potion of might {unknown}
 c - a potion of lignification {unknown}
 d - a potion of resistance {unknown}
 f - a potion of degeneration {unknown}
 g - a potion of curing {unknown}
 h - a potion of cancellation
 j - a potion of mutation
 k - a potion of brilliance {unknown}

Dungeon Overview and Level Annotations

Branches:
Dungeon (4/15)
 Temple: D:4-7

Altars:
Uskayaw

Annotations:
D:4 Sigmund


Message History

The puff of flame hits you!
You hear a zap.
Something tries to affect you, but you resist.
You shoot an arrow. The arrow closely misses the goblin.
You hear a zap.
You turn into an insubstantial wisp.
Your +0 shortbow melds into your body.
Your +0 cloak melds into your body.
Your +0 helmet melds into your body.
Your +0 ring mail melds into your body.
The goblin closely misses you.
2170 ||| DRINKING 2 potions of cancellation.
Your magical effects are unravelling.
You feel magically purged.
You condense into your normal self.
Your +0 shortbow unmelds from your body.
Your +0 cloak unmelds from your body.
Your +0 helmet unmelds from your body.
Your +0 ring mail unmelds from your body.
Something hits you! The goblin hits you but does no damage.
You shoot an arrow. The arrow hits the hobgoblin.
The hobgoblin is moderately wounded.
The goblin hits you but does no damage.
The hobgoblin hits you but does no damage.
The jackal bites you but does no damage.
You shoot an arrow. The arrow closely misses the hobgoblin.
The jackal closely misses you. The goblin hits you but does no damage.
The hobgoblin misses you. Something hits you.
You shoot an arrow. The arrow hits the hobgoblin!
You kill the hobgoblin!
The jackal bites you. The goblin hits you but does no damage.
The jackal closely misses you. The quokka completely misses you.
You shoot an arrow. The arrow hits the goblin.
You kill the goblin!
The jackal barely misses you. Something hits you. The quokka barely misses you.
The jackal bites you but does no damage.
You shoot an arrow. The arrow closely misses the jackal.
The jackal closely misses you.
The quokka bites you but does no damage.
The jackal bites you but does no damage.
The quokka barely misses you.
You shoot an arrow. The arrow closely misses the jackal.
The jackal closely misses you. Something hits you!
You die...

.#.....#..#.....#
#..##....# #...
##.....##.#######
##..#....# #...
#.....##.# #..###..#
#### #..#####.# #...
#..# ##..#.....##
#.#...<..
....#.###..#########.##
#.###
........#..............
..
....###########r########
....# .......h@.......
....# ..####.)..#..=##
....# #.{..# .# ....#
#....# ..### ....## ..+
.#...# ..#...# .. #..##


You could see a quokka and a jackal.

Vanquished Creatures
  A scorpion (D:4)
  3 dart slugs
  6 endoplasms
  3 giant cockroaches
  9 goblins
  8 hobgoblins
  6 jackals
  8 ball pythons
  6 bats
  A frilled lizard (D:2)
  8 kobolds
  5 rats
64 creatures vanquished.

Notes
Turn   | Place    | Note
-------+----------+-------------------------------------------
     0 | D:1      | qw the Gargoyle Hunter began the quest for the Orb.
     0 | D:1      | Reached XP level 1. HP: 12/12 MP: 1/1
     0 | D:1      | 0 ||| qw: Version: 0.3-a-76-g4403597
     0 | D:1      | 0 ||| qw: Game counter: 1019
     0 | D:1      | 0 ||| qw: Melee chars always use a shield: true
     0 | D:1      | 0 ||| qw: God list: Okawaru
     0 | D:1      | 0 ||| qw: Allow faded altars: false
     0 | D:1      | 0 ||| qw: Do Orc after clearing Dungeon:15 true
     0 | D:1      | 0 ||| qw: Do second Lair branch before Depths: true
     0 | D:1      | 0 ||| qw: Lair rune preference: random
     0 | D:1      | 0 ||| qw: Goals: Normal
     0 | D:1      | 0 ||| PLANNING D:1-11
   141 | D:1      | Found a faded altar of an unknown god.
   157 | D:1      | Reached XP level 2. HP: 12/17 MP: 2/2
   447 | D:1      | Reached XP level 3. HP: 21/21 MP: 3/3
   523 | D:1      | Reached skill level 5 in Ranged Weapons
   730 | D:1      | 730 ||| UPGRADING to +0 cloak.
   735 | D:1      | 735 ||| READING scroll labelled JYQOXKICUSS.
   736 | D:1      | 736 ||| READING scroll labelled BUUZUAMAPY.
   737 | D:1      | 737 ||| READING scroll labelled DEINKA HAPS.
   738 | D:1      | 738 ||| READING 2 scrolls labelled GONU ROTHIU.
   739 | D:1      | 739 ||| DRINKING 2 brown potions.
   739 | D:1      | Gained mutation: Your spells are a little easier to cast,
                  | but a little less powerful. [potion of mutation]
   739 | D:1      | Gained mutation: You have large cloven feet. [potion of
                  | mutation]
   739 | D:1      | Gained mutation: You passively dampen the noise of your
                  | surroundings. [potion of mutation]
   740 | D:1      | 740 ||| DROPPING scroll of butterflies.
   741 | D:1      | 741 ||| DROPPING scroll of noise.
   888 | D:2      | Identified the +7 scale mail "Joh Noh" {rPois Int-2 Dex+4
                  | Stlth+}
  1016 | D:2      | Identified the +5 whip of the Apocalypse {vamp, Dex+4}
  1122 | D:2      | Reached skill level 3 in Fighting
  1355 | D:2      | 1355 ||| UPGRADING to +0 ring mail.
  1365 | D:2      | 1365 ||| DROPPING +0 leather armour.
  1366 | D:2      | 1366 ||| UPGRADING to +0 helmet.
  1371 | D:2      | 1371 ||| DROPPING ring of flight.
  1477 | D:3      | Reached XP level 4. HP: 28/28 MP: 4/4
  1547 | D:3      | Reached skill level 1 in Armour
  1899 | D:3      | 1899 ||| DRINKING 3 lumpy white potions.
  1919 | D:4      | Noticed a scorpion
  1938 | D:4      | Killed a scorpion
  1939 | D:4      | Reached XP level 5. HP: 27/32 MP: 5/5
  1992 | D:4      | Found a hide-covered altar of Uskayaw.
  2162 | D:4      | Noticed Sigmund
  2170 | D:4      | 2170 ||| DRINKING 2 potions of cancellation.
  2174 | D:4      | HP: 8/32 [something (4)]
  2176 | D:4      | Slain by Sigmund

Levels and vault maps discovered:
D:1:      psy_arrival_statuary, layout_basic,
          hellmonk_ecumenical_altar_arch_garden
D:2:      layout_loops_ring
D:3:      layout_rooms
D:4:      minmay_recursive_quarters, layout_basic, nicolae_uskayaw_dance_hall,
          serial_shops, nicolae_shop_rolled_up, nicolae_take_the_stairs,
          uniq_sigmund, uniq_grinder

Skill      XL: |  1  2  3  4 |
---------------+-------------+-----
Ranged Weapons | 5 |  5.9
Fighting       | 3 |  3.0
Armour         | 1 |  1.0
Dodging        | |  1.5
Stealth        | |  1.1

Action                     |  1- 3 |  4- 6 || total
---------------------------+-------+-------++-------
   Fire: Shortbow          |   123 |    75 ||   198
    Use: Scroll            |     4 |       ||     4
         Potion            |     1 |     2 ||     3
 Armour: Leather armour    |    28 |       ||    28
         Ring mail         |       |    60 ||    60
  Dodge: Dodged            |    19 |    44 ||    63

Table legend:
 A = Non-vault XP
 B = Vault XP
 C = Vault XP percentage of total XP
 D = Non-vault monster count
 E = Vault monster count
 F = Vault count percentage of total count
                 A         B        C        D         E       F
            +---------+---------+-------+---------+---------+-------
      Total |     191 |       6 |   3.0 |      61 |       3 |   4.7
            +---------+---------+-------+---------+---------+-------
        D:1 |      39 |       0 |   0.0 |      20 |       0 |   0.0
        D:2 |      34 |       0 |   0.0 |      19 |       0 |   0.0
        D:3 |      33 |       0 |   0.0 |      20 |       0 |   0.0
        D:4 |      85 |       6 |   6.6 |       2 |       3 |  60.0
            +---------+---------+-------+---------+---------+-------
